cohdb
Replays
Latest Replays
All Replays
Popular Replays
Top Player Replays
Match Explorer
How It Works
Community
CoH3 Stats
Reddit
Sign in to upload your games and track your stats! →
Sign in with Steam
Match 30909783
Unlisted
Match 30909783
Overview
Messages
Build Orders
End
Construct Section Command Post
Selects Indian Artillery Battlegroup
Vickers Machine Gun Team
Infantry Section
Infantry Section
Infantry Section
Selects Towed ML 4.2-inch Heavy Mortar
Selects War Cry
Construct Platoon Command Post
6-pounder Anti-tank Gun Team
Humber Armored Car
Infantry Training
SneaKerz
gb_gbg
TotalRudeboy
EnViDiaLP
0
0
Comments
sign in to comment!
No comments posted yet!